 Dungeon Crawl Stone Soup version 0.18-a0-1-gfac8111 (webtiles) character file.

294 tp1 the Magician (level 6, -5/32 HPs)
             Began as a Deep Elf Wizard on Oct 30, 2015.
             Slain by Sigmund
             ... wielding a +0 scythe of protection
              (11 damage)
             ... on level 4 of the Dungeon.
             The game lasted 00:24:43 (6128 turns).

tp1 the Magician (Deep Elf Wizard)                  Turns: 6128, Time: 00:24:43

Health: -5/32      AC:  5    Str:  4      XL:     6   Next: 11%
Magic:  5/18       EV: 12    Int: 25      God:
Gold:   193        SH:  0    Dex: 11 (13) Spells: 6 memorised, 6 levels left

rFire  . . .     SeeInvis .     m - +0 short sword
rCold  . . .     Clarity  .     g - +2 robe {MR+}
rNeg   . . .     SustAt   .     (no shield)
rPois  .         Gourm    .     b - +1 hat
rElec  .         Spirit   .     (no cloak)
rCorr  .         Warding  .     (no gloves)
rMut   .         Stasis   .     (no boots)
MR     +....                    j - amulet of inaccuracy (curse)
Stlth  ++........               (no ring)
                                (no ring)

@: very slightly contaminated, somewhat resistant to hostile enchantments,
unstealthy
A: no striking features
a: no special abilities


You were on level 4 of the Dungeon.
You were hungry.

You visited 1 branch of the dungeon, and saw 5 of its levels.

You collected 193 gold pieces.

Inventory:

Hand Weapons
 m - a +0 short sword (weapon)
Armour
 a - a +0 robe
 b - a +1 hat (worn)
 e - a +0 robe of fire resistance
 g - a +2 robe of magic resistance (worn)
Jewellery
 j - a cursed amulet of inaccuracy (around neck)
 t - a +4 ring of protection {unknown}
Scrolls
 f - 2 scrolls of enchant armour
 i - 2 scrolls of identify
 p - a scroll of fog
 u - a scroll of amnesia {unknown}
 v - a scroll of teleportation
Potions
 l - 3 potions of curing
 n - a potion of poison {unknown}
 o - a potion of cure mutation
 q - a potion of beneficial mutation {unknown}
Books
 c - a book of Minor Magic

   Spells                             Type                      Level
   a - Magic Dart                     Conjuration                  1
   b - Blink                          Translocation                2
   c - Call Imp                       Summoning                    2
   d - Repel Missiles                 Charms/Air                   2
   e - Slow                           Hexes                        2
   f - Conjure Flame                  Conjuration/Fire             3
   g - Mephitic Cloud                 Conjuration/Poison/Air       3
 r - a book of Flames

   Spells                             Type                      Level
   a - Flame Tongue                   Conjuration/Fire             1
   b - Throw Flame                    Conjuration/Fire             2
   c - Conjure Flame                  Conjuration/Fire             3
   d - Inner Flame                    Hexes/Fire                   3
   e - Sticky Flame                   Conjuration/Fire             4
   f - Fireball                       Conjuration/Fire             5
Comestibles
 d - a bread ration
 h - 6 chunks of flesh
 k - a slice of pizza
 s - 3 fruits


   Skills:
 - Level 2.4 Dodging
 - Level 2.4 Stealth
 - Level 7.0 Spellcasting
 + Level 2.1 Conjurations
 - Level 1.1 Summonings
 - Level 1.1 Translocations
 - Level 4.3 Fire Magic


You had 6 spell levels left.
You knew the following spells:

 Your Spells              Type           Power        Failure   Level  Hunger
a - Magic Dart            Conj           ###.         3%          1    None
b - Blink                 Tloc           N/A          10%         2    None
c - Call Imp              Summ           ##......     10%         2    None
d - Repel Missiles        Chrm/Air       #.....       12%         2    None
e - Conjure Flame         Conj/Fire      ####....     6%          3    None
f - Mephitic Cloud        Conj/Pois/Air  ##......     17%         3    None


Dungeon Overview and Level Annotations

Branches:
Dungeon (5/15)
 Temple: D:4-7

Altars:
Trog

Annotations:
D:4 Sigmund


Message History

Your white imp barely misses something.
Something hits your white imp.
Your white imp closely misses something.
Something hits you!
* * * LOW HITPOINT WARNING * * *
Casting: Magic Dart
Confirm with . or Enter, or press ? or * to list all spells.
Aiming: Magic Dart
Press: ? - help, Shift-Dir - straight line The magic dart hits something.
Something hits you.
* * * LOW HITPOINT WARNING * * *
Casting: Magic Dart
Confirm with . or Enter, or press ? or * to list all spells.
You don't know that spell.
Sorry, you're not good enough to have a special ability.
Casting: Magic Dart
Confirm with . or Enter, or press ? or * to list all spells.
Aiming: Magic Dart
Press: ? - help, Shift-Dir - straight line The magic dart hits something.
Something hits you!
You die...

#†..#.......##
....####.......##
... #.## #.#####..#
...... ###. #.#
##.### #..... ...
##.## ##...## #....
#.#####...####.....#
#..#.
#..##...............
###....##
#....####..........
........#### #.@###
#....##.....
...........###.##
#..#........
##.....##5..{.#
##.###>....##
#....#######..#
#..##..##.## #..##
##.# #.##..####.##
## #######.#..##
#... #.........##
##.## ####.######
#.## #.### ###


There were no monsters in sight!

Vanquished Creatures
  2 orc priests (D:3)
  A worker ant (D:4)
  An orc wizard (D:3)
  10 adders
  A gnoll (D:1)
  3 worms
  4 giant geckos
  10 orcs
  6 bats
  4 giant cockroaches
  3 hobgoblins (D:2)
  3 jackals (D:4)
  4 quokkas
  8 giant newts
  6 goblins
  7 kobolds
  7 rats
80 creatures vanquished.

Notes
Turn   | Place    | Note
--------------------------------------------------------------
     0 | D:1      | tp1 the Deep Elf Wizard began the quest for the Orb.
     0 | D:1      | Reached XP level 1. HP: 10/10 MP: 7/7
   451 | D:1      | Reached skill level 5 in Spellcasting
   691 | D:1      | Reached XP level 2. HP: 15/15 MP: 8/10
   731 | D:1      | Learned a level 2 spell: Blink
   734 | D:1      | Learned a level 2 spell: Call Imp
   737 | D:1      | Learned a level 2 spell: Repel Missiles
  2249 | D:2      | Reached skill level 6 in Spellcasting
  2249 | D:2      | Reached XP level 3. HP: 10/19 MP: 1/12
  2789 | D:2      | Reached XP level 4. HP: 17/24 MP: 2/14
  2958 | D:2      | Learned a level 3 spell: Conjure Flame
  2962 | D:2      | Learned a level 3 spell: Mephitic Cloud
  3066 | D:2      | Reached skill level 7 in Spellcasting
  3497 | D:2      | Found a bloodstained altar of Trog.
  3636 | D:3      | Reached skill level 1 in Fire Magic
  3730 | D:3      | Reached XP level 5. HP: 17/28 MP: 3/16
  4837 | D:4      | Noticed Sigmund
  4962 | D:5      | Entered Level 5 of the Dungeon
  5625 | D:4      | Reached XP level 6. HP: 21/32 MP: 5/18
  6128 | D:4      | Slain by Sigmund

Vault maps used:
D:1:      dpeg_arrival_water_temple_mockup, minmay_misc_feat_enclosed,
          serial_bayou_crossing
D:2:      trog_butcher_becter
D:4:      minmay_temple_entry_glassed_door, first_bread, uniq_sigmund
D:5:      lightli_corner_chamber

Action                   |  1- 3 |  4- 6 || total
-------------------------+-------+-------++-------
Melee: Short sword       |     2 |       ||     2
       Unarmed           |     1 |       ||     1
 Cast: Magic Dart        |    79 |   176 ||   255
       Conjure Flame     |       |     7 ||     7
       Blink             |       |     4 ||     4
       Mephitic Cloud    |       |     1 ||     1
       Call Imp          |       |     1 ||     1
  Use: Potion            |     2 |       ||     2
       Scroll            |       |     8 ||     8
  Eat: Meat ration       |     1 |       ||     1
       Chunk             |     1 |     9 ||    10
